Penguins vs Rangers

Created - March 6 2008 at 19:59

Goals
1 2 3 T
Penguins 2 2 2 6
Rangers 1 1 0 2
Shots
1 2 3 T
Penguins 16 5 10 31
Rangers 11 12 11 34

Period #1

1. Penguins , Evgeni Malkin 24 (Josef Melichar, Jere Lehtinen) at 0:54 (PP)
2. Penguins , Marian Hossa 30 (Taylor Pyatt, Sidney Crosby) at 5:18
3. Rangers , Mattias Ohlund 13 (Tyler Arnason) at 6:08 (PP)

Penalties :
Jay Mckee (NYR) for Hooking (Minor) at 0:32, Frederick Meyer Iv (NYR) for Holding (Minor) at 1:14, Kris Draper (PIT) for Elbowing (Minor) at 5:54, Josef Melichar (PIT) for Tripping (Minor) at 19:30

Period #2

4. Penguins , Evgeni Malkin 25 (Glen Wesley, Jere Lehtinen) at 8:02
5. Penguins , Kris Draper 19 (Mark Parrish, Christian Backman) at 12:50
6. Rangers , Kyle Wellwood 13 (Peter Schaefer, Pascal Dupuis) at 18:32 (PP)

Penalties :
Dominic Moore (PIT) for Tripping (Minor) at 10:10, Dallas Drake (PIT) for Hooking (Minor) at 13:29, Josef Melichar (PIT) for Tripping (Minor) at 17:23

Period #3

7. Penguins , Marian Hossa 31 (Bryan Mccabe, Sidney Crosby) at 3:07 (PP)
8. Penguins , Jere Lehtinen 24 (Mark Bell, Evgeni Malkin) at 18:33

Penalties :
Jan Bulis (NYR) for Holding (Minor) at 2:24, Jay Mckee (NYR) for Slashing (Minor) at 5:27, Jarkko Ruutu (PIT) for Holding (Minor) at 5:27, Josef Melichar (PIT) for Roughing (Double Minor) at 9:55, Glen Wesley (PIT) for Interference (Minor) at 15:43, Marian Hossa (PIT) for Hooking (Minor) at 19:28

Goalie Stats

Ed Belfour (PIT), 32 saves from 34 shots - (0.941), W, 16-5-1, 60:00 minutes
Ray Emery (NYR), 25 saves from 31 shots - (0.806), L, 29-35-6, 60:00 minutes

Players Stats

Penguins
Player Name              G  A  P  +/- PIM S  H  SB FO MP 
-----------------------------------------------------------
Brooks Orpik             0  0  0   1  0   0  2  1  0  16 
Bryan Mccabe             0  1  1   1  0   1  2  1  0  25 
Christian Backman        0  1  1   1  0   0  0  0  0  17 
Dallas Drake             0  0  0   0  2   0  0  0  0  6  
Dominic Moore            0  0  0   1  2   1  0  0  2  16 
Evgeni Malkin            2  1  3   2  0   7  1  0  37 23 
Glen Wesley              0  1  1   2  2   0  1  1  0  22 
Jarkko Ruutu             0  0  0   0  2   0  0  0  6  5  
Jere Lehtinen            1  2  3   2  0   5  0  1  6  23 
Josef Melichar           0  1  1   2  8   1  2  1  0  20 
Kris Draper              1  0  1   1  2   4  0  0  12 15 
Marian Hossa             2  0  2   1  2   3  3  2  9  21 
Mark Bell                0  1  1   2  0   2  1  0  3  16 
Mark Parrish             0  1  1   1  0   3  0  0  2  14 
Martin Lapointe          0  0  0   0  0   2  0  0  1  5  
Scott Hannan             0  0  0   1  0   0  0  2  0  25 
Sidney Crosby            0  2  2   1  0   2  0  0  13 21 
Taylor Pyatt             0  1  1   1  0   0  1  0  1  13 
Rangers
Player Name              G  A  P  +/- PIM S  H  SB FO MP 
-----------------------------------------------------------
Ales Kotalik             0  0  0   0  0   0  0  0  0  2  
Brad Stuart              0  0  0   0  0   0  0  0  0  4  
Brendan Shanahan         0  0  0   0  0   2  0  0  1  7  
Brett Lebda              0  0  0  -3  0   0  1  2  0  25 
Dan Cleary               0  0  0   0  0   1  0  0  8  17 
Darius Kasparaitis       0  0  0   0  0   2  1  0  0  22 
Frederick Meyer Iv       0  0  0  -4  2   2  2  2  0  24 
Jan Bulis                0  0  0  -3  2   3  1  0  0  24 
Jay Mckee                0  0  0  -1  4   2  0  1  0  22 
Jeff Halpern             0  0  0  -3  0   3  0  2  10 24 
Joe Pavelski             0  0  0  -1  0   4  2  0  35 24 
Jonathan Cheechoo        0  0  0   0  0   0  0  0  0  0  
Kyle Wellwood            1  0  1  -1  0   3  0  0  5  23 
Mattias Ohlund           1  0  1   0  0   3  1  1  0  21 
Nikolai Zherdev          0  0  0  -2  0   1  2  1  31 24 
Pascal Dupuis            0  1  1  -1  0   4  5  0  2  24 
Peter Schaefer           0  1  1   0  0   1  0  1  0  3  
Tyler Arnason            0  1  1  -1  0   3  0  0  0  21 

3 Stars

1 - Evgeni Malkin (PIT)
2 - Marian Hossa (PIT)
3 - Jere Lehtinen (PIT)

Power Play

Penguins - 2 on 3 Attempt(s) - 66.67%
Rangers - 2 on 8 Attempt(s) - 25.00%

Penalty Kill

Penguins - 6 on 8 Attempt(s) - 75.00% - Score 0 goal in Penalty Kill
Rangers - 1 on 3 Attempt(s) - 33.33% - Score 0 goal in Penalty Kill

Game Notes

No Game Note

Finance

Level 1 -- Attendance: 3655 (58.95%) -- Ticket Income $365,500.00
Level 2 -- Attendance: 2328 (46.56%) -- Ticket Income $162,960.00
Level 3 -- Attendance: 776 (38.80%) -- Ticket Income $42,680.00
Level 4 -- Attendance: 1719 (42.98%) -- Ticket Income $51,570.00
Luxury Box -- Attendance: 581 (58.10%) -- Ticket Income $116,200.00
Game was played at the Madison Square Garden
Total Attendance: 9059 (49.77%)
Total Ticket Income: $772,687.10
Other Income: $134,632.80
Total Income: $907,320.00


Play by Play

Period #1

0:01 of 1st period - Joe Pavelski wins face-off versus Sidney Crosby in neutral zone.
0:04 of 1st period - Scott Hannan is hit by Pascal Dupuis and loses puck.
0:12 of 1st period - Sidney Crosby is hit by Darius Kasparaitis and loses puck.
0:32 of 1st period - Minor Penalty to Jay Mckee for Hooking.
0:33 of 1st period - Joe Pavelski wins face-off versus Evgeni Malkin in Rangers zone.
0:48 of 1st period - Shot by Jere Lehtinen.
0:48 of 1st period - Shot Misses the Net.
0:50 of 1st period - Shot by Josef Melichar.
0:50 of 1st period - Shot Blocked by Mattias Ohlund.
0:54 of 1st period - Shot by Evgeni Malkin.
0:54 of 1st period - Goal by Evgeni Malkin - Penguins : 1 - Rangers : 0.
0:55 of 1st period - Dominic Moore wins face-off versus Nikolai Zherdev in neutral zone.
1:05 of 1st period - Icing by Brett Lebda.
1:06 of 1st period - Jarkko Ruutu wins face-off versus Nikolai Zherdev in Rangers zone.
1:14 of 1st period - Minor Penalty to Frederick Meyer Iv for Holding.
1:15 of 1st period - Evgeni Malkin wins face-off versus Joe Pavelski in Rangers zone.
1:26 of 1st period - Shot by Jere Lehtinen.
1:26 of 1st period - Stopped by Ray Emery with a rebound.
2:01 of 1st period - Jere Lehtinen is hit by Brett Lebda.
2:46 of 1st period - Shot by Sidney Crosby.
2:46 of 1st period - Stopped by Ray Emery with a rebound.
2:50 of 1st period - Shot by Bryan Mccabe.
2:50 of 1st period - Shot Misses the Net.
3:25 of 1st period - Shot by Kris Draper.
3:25 of 1st period - Shot Misses the Net.
4:21 of 1st period - Shot by Joe Pavelski.
4:21 of 1st period - Stopped by Ed Belfour without a rebound.
4:22 of 1st period - Joe Pavelski wins face-off versus Jere Lehtinen in Penguins zone.
4:40 of 1st period - Icing by Jay Mckee.
4:41 of 1st period - Sidney Crosby wins face-off versus Joe Pavelski in Rangers zone.
5:16 of 1st period - Shot by Marian Hossa.
5:16 of 1st period - Deflect By Sidney Crosby.
5:16 of 1st period - Stopped by Ray Emery with a rebound.
5:18 of 1st period - Shot by Taylor Pyatt.
5:18 of 1st period - Deflect By Marian Hossa.
5:18 of 1st period - Goal by Marian Hossa - Penguins : 2 - Rangers : 0.
5:19 of 1st period - Kyle Wellwood wins face-off versus Evgeni Malkin in neutral zone.
5:42 of 1st period - Mark Bell is hit by Mattias Ohlund and loses puck.
5:47 of 1st period - Shot by Evgeni Malkin.
5:47 of 1st period - Stopped by Ray Emery without a rebound.
5:48 of 1st period - Nikolai Zherdev wins face-off versus Kris Draper in Rangers zone.
5:54 of 1st period - Minor Penalty to Kris Draper for Elbowing.
5:55 of 1st period - Marian Hossa wins face-off versus Jeff Halpern in neutral zone.
6:06 of 1st period - Shot by Tyler Arnason.
6:06 of 1st period - Stopped by Ed Belfour with a rebound.
6:08 of 1st period - Shot by Mattias Ohlund.
6:08 of 1st period - Goal by Mattias Ohlund - Penguins : 2 - Rangers : 1.
6:09 of 1st period - Kris Draper wins face-off versus Nikolai Zherdev in neutral zone.
6:36 of 1st period - Icing by Jan Bulis.
6:37 of 1st period - Evgeni Malkin wins face-off versus Nikolai Zherdev in Rangers zone.
7:27 of 1st period - Jere Lehtinen is hit by Pascal Dupuis and loses puck.
7:45 of 1st period - Shot by Jan Bulis.
7:45 of 1st period - Shot Misses the Net.
8:12 of 1st period - Icing by Bryan Mccabe.
8:13 of 1st period - Pascal Dupuis wins face-off versus Sidney Crosby in Penguins zone.
8:22 of 1st period - Shot by Jeff Halpern.
8:22 of 1st period - Shot Misses the Net.
8:40 of 1st period - Scott Hannan is hit by Pascal Dupuis and loses puck.
9:38 of 1st period - Shot by Mark Parrish.
9:38 of 1st period - Stopped by Ray Emery without a rebound.
9:39 of 1st period - Martin Lapointe wins face-off versus Nikolai Zherdev in Rangers zone.
9:56 of 1st period - Shot by Martin Lapointe.
9:56 of 1st period - Stopped by Ray Emery without a rebound.
9:57 of 1st period - Evgeni Malkin wins face-off versus Nikolai Zherdev in Rangers zone.
10:08 of 1st period - Glen Wesley is hit by Jan Bulis and loses puck.
10:28 of 1st period - Shot by Jere Lehtinen.
10:28 of 1st period - Stopped by Ray Emery with a rebound.
10:30 of 1st period - Shot by Jere Lehtinen.
10:30 of 1st period - Deflect By Mark Bell.
10:30 of 1st period - Stopped by Ray Emery without a rebound.
10:31 of 1st period - Joe Pavelski wins face-off versus Dominic Moore in Rangers zone.
10:38 of 1st period - Shot by Pascal Dupuis.
10:38 of 1st period - Stopped by Ed Belfour without a rebound.
10:39 of 1st period - Joe Pavelski wins face-off versus Jarkko Ruutu in Penguins zone.
10:48 of 1st period - Shot by Joe Pavelski.
10:48 of 1st period - Shot Misses the Net.
10:52 of 1st period - Shot by Jay Mckee.
10:52 of 1st period - Stopped by Ed Belfour without a rebound.
10:53 of 1st period - Kyle Wellwood wins face-off versus Kris Draper in Penguins zone.
10:53 of 1st period - Dan Cleary is hit by Brooks Orpik and loses puck.
11:19 of 1st period - Off-side.
11:20 of 1st period - Taylor Pyatt wins face-off versus Nikolai Zherdev in neutral zone.
12:23 of 1st period - Jere Lehtinen is hit by Pascal Dupuis and loses puck.
12:33 of 1st period - Joe Pavelski is hit by Glen Wesley and loses puck.
12:41 of 1st period - Icing by Josef Melichar.
12:42 of 1st period - Evgeni Malkin wins face-off versus Dan Cleary in Penguins zone.
13:06 of 1st period - Shot by Kyle Wellwood.
13:06 of 1st period - Stopped by Ed Belfour without a rebound.
13:07 of 1st period - Kris Draper wins face-off versus Nikolai Zherdev in Penguins zone.
13:32 of 1st period - Shot by Mark Parrish.
13:32 of 1st period - Shot Blocked by Jeff Halpern.
13:34 of 1st period - Shot by Dominic Moore.
13:34 of 1st period - Shot Misses the Net.
13:36 of 1st period - Shot by Kris Draper.
13:36 of 1st period - Stopped by Ray Emery without a rebound.
13:37 of 1st period - Joe Pavelski wins face-off versus Sidney Crosby in Rangers zone.
14:56 of 1st period - Shot by Kris Draper.
14:56 of 1st period - Shot Misses the Net.
15:00 of 1st period - Shot by Kris Draper.
15:00 of 1st period - Stopped by Ray Emery without a rebound.
15:01 of 1st period - Nikolai Zherdev wins face-off versus Jere Lehtinen in Rangers zone.
15:07 of 1st period - Shot by Evgeni Malkin.
15:07 of 1st period - Shot Misses the Net.
15:09 of 1st period - Shot by Jere Lehtinen.
15:09 of 1st period - Shot Blocked by Frederick Meyer Iv.
15:13 of 1st period - Shot by Mark Bell.
15:13 of 1st period - Stopped by Ray Emery without a rebound.
15:14 of 1st period - Jarkko Ruutu wins face-off versus Nikolai Zherdev in Rangers zone.
15:21 of 1st period - Shot by Martin Lapointe.
15:21 of 1st period - Stopped by Ray Emery without a rebound.
15:22 of 1st period - Mark Bell wins face-off versus Nikolai Zherdev in Rangers zone.
15:23 of 1st period - Shot by Evgeni Malkin.
15:23 of 1st period - Shot Misses the Net.
15:48 of 1st period - Shot by Jan Bulis.
15:48 of 1st period - Stopped by Ed Belfour without a rebound.
15:49 of 1st period - Mark Parrish wins face-off versus Dan Cleary in Penguins zone.
16:10 of 1st period - Shot by Mark Parrish.
16:10 of 1st period - Stopped by Ray Emery without a rebound.
16:11 of 1st period - Jeff Halpern wins face-off versus Sidney Crosby in Rangers zone.
16:16 of 1st period - Shot by Pascal Dupuis.
16:16 of 1st period - Stopped by Ed Belfour with a rebound.
16:21 of 1st period - Shot by Brett Lebda.
16:21 of 1st period - Shot Misses the Net.
16:23 of 1st period - Shot by Kyle Wellwood.
16:23 of 1st period - Shot Misses the Net.
16:25 of 1st period - Shot by Darius Kasparaitis.
16:25 of 1st period - Stopped by Ed Belfour without a rebound.
16:26 of 1st period - Nikolai Zherdev wins face-off versus Evgeni Malkin in Penguins zone.
16:27 of 1st period - Shot by Brendan Shanahan.
16:27 of 1st period - Stopped by Ed Belfour without a rebound.
16:28 of 1st period - Evgeni Malkin wins face-off versus Joe Pavelski in Penguins zone.
16:57 of 1st period - Shot by Evgeni Malkin.
16:57 of 1st period - Stopped by Ray Emery with a rebound.
17:23 of 1st period - Shot by Nikolai Zherdev.
17:23 of 1st period - Stopped by Ed Belfour with a rebound.
18:44 of 1st period - Off-side.
18:45 of 1st period - Evgeni Malkin wins face-off versus Nikolai Zherdev in neutral zone.
19:23 of 1st period - Shot by Evgeni Malkin.
19:23 of 1st period - Shot Misses the Net.
19:30 of 1st period - Minor Penalty to Josef Melichar for Tripping.
19:31 of 1st period - Marian Hossa wins face-off versus Joe Pavelski in Penguins zone.

Period #2

0:01 of 2nd period - Joe Pavelski wins face-off versus Marian Hossa in neutral zone.
0:01 of 2nd period - Joe Pavelski is hit by Marian Hossa.
0:07 of 2nd period - Shot by Joe Pavelski.
0:07 of 2nd period - Shot Misses the Net.
0:11 of 2nd period - Shot by Jay Mckee.
0:11 of 2nd period - Shot Blocked by Bryan Mccabe.
0:13 of 2nd period - Shot by Frederick Meyer Iv.
0:13 of 2nd period - Stopped by Ed Belfour with a rebound.
0:15 of 2nd period - Shot by Frederick Meyer Iv.
0:15 of 2nd period - Stopped by Ed Belfour without a rebound.
0:16 of 2nd period - Evgeni Malkin wins face-off versus Joe Pavelski in Penguins zone.
1:15 of 2nd period - Shot by Jan Bulis.
1:15 of 2nd period - Stopped by Ed Belfour without a rebound.
1:16 of 2nd period - Evgeni Malkin wins face-off versus Nikolai Zherdev in Penguins zone.
1:16 of 2nd period - Evgeni Malkin is hit by Nikolai Zherdev.
1:26 of 2nd period - Shot by Mattias Ohlund.
1:26 of 2nd period - Stopped by Ed Belfour without a rebound.
1:27 of 2nd period - Joe Pavelski wins face-off versus Jere Lehtinen in Penguins zone.
1:28 of 2nd period - Shot by Mattias Ohlund.
1:28 of 2nd period - Shot Misses the Net.
1:30 of 2nd period - Shot by Mattias Ohlund.
1:30 of 2nd period - Shot Misses the Net.
1:53 of 2nd period - Icing by Frederick Meyer Iv.
1:54 of 2nd period - Nikolai Zherdev wins face-off versus Evgeni Malkin in Rangers zone.
2:04 of 2nd period - Icing by Jere Lehtinen.
2:05 of 2nd period - Joe Pavelski wins face-off versus Evgeni Malkin in Penguins zone.
2:13 of 2nd period - Icing by Josef Melichar.
2:14 of 2nd period - Joe Pavelski wins face-off versus Evgeni Malkin in Penguins zone.
3:57 of 2nd period - Shot by Christian Backman.
3:57 of 2nd period - Shot Blocked by Nikolai Zherdev.
4:01 of 2nd period - Shot by Mark Parrish.
4:01 of 2nd period - Shot Misses the Net.
4:03 of 2nd period - Shot by Brooks Orpik.
4:03 of 2nd period - Shot Misses the Net.
4:07 of 2nd period - Shot by Dominic Moore.
4:07 of 2nd period - Deflect By Mark Parrish.
4:07 of 2nd period - Shot Misses the Net.
4:09 of 2nd period - Shot by Mark Parrish.
4:09 of 2nd period - Shot Misses the Net.
4:13 of 2nd period - Shot by Mark Parrish.
4:13 of 2nd period - Shot Misses the Net.
4:15 of 2nd period - Shot by Kris Draper.
4:15 of 2nd period - Shot Misses the Net.
4:17 of 2nd period - Shot by Mark Parrish.
4:17 of 2nd period - Stopped by Ray Emery without a rebound.
4:18 of 2nd period - Mark Bell wins face-off versus Dan Cleary in Rangers zone.
4:22 of 2nd period - Icing by Mattias Ohlund.
4:23 of 2nd period - Dan Cleary wins face-off versus Evgeni Malkin in Rangers zone.
4:32 of 2nd period - Shot by Brendan Shanahan.
4:32 of 2nd period - Shot Misses the Net.
4:42 of 2nd period - Shot by Jere Lehtinen.
4:42 of 2nd period - Shot Misses the Net.
4:46 of 2nd period - Shot by Mark Bell.
4:46 of 2nd period - Shot Misses the Net.
4:50 of 2nd period - Shot by Evgeni Malkin.
4:50 of 2nd period - Shot Blocked by Peter Schaefer.
4:52 of 2nd period - Shot by Josef Melichar.
4:52 of 2nd period - Stopped by Ray Emery without a rebound.
4:53 of 2nd period - Nikolai Zherdev wins face-off versus Jarkko Ruutu in Rangers zone.
5:04 of 2nd period - Shot by Frederick Meyer Iv.
5:04 of 2nd period - Shot Blocked by Scott Hannan.
5:24 of 2nd period - Off-side.
5:25 of 2nd period - Joe Pavelski wins face-off versus Kris Draper in neutral zone.
6:06 of 2nd period - Icing by Christian Backman.
6:07 of 2nd period - Kris Draper wins face-off versus Nikolai Zherdev in Penguins zone.
7:47 of 2nd period - Off-side.
7:48 of 2nd period - Evgeni Malkin wins face-off versus Joe Pavelski in neutral zone.
7:51 of 2nd period - Shot by Evgeni Malkin.
7:51 of 2nd period - Stopped by Ray Emery without a rebound.
7:52 of 2nd period - Nikolai Zherdev wins face-off versus Jere Lehtinen in Rangers zone.
7:54 of 2nd period - Icing by Jeff Halpern.
7:55 of 2nd period - Jere Lehtinen wins face-off versus Nikolai Zherdev in Rangers zone.
7:57 of 2nd period - Evgeni Malkin is hit by Frederick Meyer Iv and loses puck.
8:02 of 2nd period - Shot by Evgeni Malkin.
8:02 of 2nd period - Goal by Evgeni Malkin - Penguins : 3 - Rangers : 1.
8:03 of 2nd period - Joe Pavelski wins face-off versus Evgeni Malkin in neutral zone.
8:28 of 2nd period - Shot by Joe Pavelski.
8:28 of 2nd period - Stopped by Ed Belfour with a rebound.
8:30 of 2nd period - Shot by Joe Pavelski.
8:30 of 2nd period - Shot Misses the Net.
10:10 of 2nd period - Minor Penalty to Dominic Moore for Tripping.
10:11 of 2nd period - Joe Pavelski wins face-off versus Evgeni Malkin in Rangers zone.
10:23 of 2nd period - Shot by Joe Pavelski.
10:23 of 2nd period - Stopped by Ed Belfour without a rebound.
10:24 of 2nd period - Jeff Halpern wins face-off versus Evgeni Malkin in Penguins zone.
11:09 of 2nd period - Off-side.
11:10 of 2nd period - Joe Pavelski wins face-off versus Sidney Crosby in neutral zone.
11:35 of 2nd period - Jay Mckee is hit by Josef Melichar and loses puck.
12:12 of 2nd period - Shot by Tyler Arnason.
12:12 of 2nd period - Shot Misses the Net.
12:46 of 2nd period - Shot by Mark Parrish.
12:46 of 2nd period - Shot Blocked by Jeff Halpern.
12:50 of 2nd period - Shot by Kris Draper.
12:50 of 2nd period - Goal by Kris Draper - Penguins : 4 - Rangers : 1.
12:51 of 2nd period - Jarkko Ruutu wins face-off versus Joe Pavelski in neutral zone.
13:29 of 2nd period - Minor Penalty to Dallas Drake for Hooking.
13:30 of 2nd period - Dan Cleary wins face-off versus Evgeni Malkin in neutral zone.
15:13 of 2nd period - Shot by Joe Pavelski.
15:13 of 2nd period - Shot Misses the Net.
15:31 of 2nd period - Shot by Peter Schaefer.
15:31 of 2nd period - Stopped by Ed Belfour with a rebound.
15:33 of 2nd period - Shot by Dan Cleary.
15:33 of 2nd period - Shot Misses the Net.
15:37 of 2nd period - Shot by Dan Cleary.
15:37 of 2nd period - Shot Hit the Post.
17:23 of 2nd period - Shot by Pascal Dupuis.
17:23 of 2nd period - Deflect By Joe Pavelski.
17:23 of 2nd period - Stopped by Ed Belfour without a rebound.
17:23 of 2nd period - Minor Penalty to Josef Melichar for Tripping.
17:24 of 2nd period - Marian Hossa wins face-off versus Joe Pavelski in Penguins zone.
17:24 of 2nd period - Marian Hossa is hit by Joe Pavelski.
17:38 of 2nd period - Shot by Dan Cleary.
17:38 of 2nd period - Stopped by Ed Belfour without a rebound.
17:39 of 2nd period - Nikolai Zherdev wins face-off versus Evgeni Malkin in Penguins zone.
18:02 of 2nd period - Shot by Darius Kasparaitis.
18:02 of 2nd period - Stopped by Ed Belfour with a rebound.
18:04 of 2nd period - Shot by Jay Mckee.
18:04 of 2nd period - Shot Blocked by Marian Hossa.
18:18 of 2nd period - Shot by Joe Pavelski.
18:18 of 2nd period - Shot Misses the Net.
18:22 of 2nd period - Shot by Kyle Wellwood.
18:22 of 2nd period - Shot Misses the Net.
18:26 of 2nd period - Shot by Peter Schaefer.
18:26 of 2nd period - Shot Misses the Net.
18:28 of 2nd period - Shot by Peter Schaefer.
18:28 of 2nd period - Shot Misses the Net.
18:32 of 2nd period - Shot by Kyle Wellwood.
18:32 of 2nd period - Goal by Kyle Wellwood - Penguins : 4 - Rangers : 2.
18:33 of 2nd period - Kris Draper wins face-off versus Nikolai Zherdev in neutral zone.
18:36 of 2nd period - Shot by Mark Parrish.
18:36 of 2nd period - Shot Misses the Net.
18:38 of 2nd period - Shot by Kris Draper.
18:38 of 2nd period - Shot Blocked by Brett Lebda.
19:40 of 2nd period - Shot by Tyler Arnason.
19:40 of 2nd period - Shot Blocked by Glen Wesley.
19:44 of 2nd period - Shot by Tyler Arnason.
19:44 of 2nd period - Stopped by Ed Belfour without a rebound.
19:45 of 2nd period - Sidney Crosby wins face-off versus Dan Cleary in Penguins zone.
19:45 of 2nd period - Sidney Crosby is hit by Pascal Dupuis.
19:51 of 2nd period - Frederick Meyer Iv is hit by Marian Hossa and loses puck.

Period #3

0:01 of 3rd period - Joe Pavelski wins face-off versus Sidney Crosby in neutral zone.
0:12 of 3rd period - Shot by Marian Hossa.
0:12 of 3rd period - Stopped by Ray Emery without a rebound.
0:13 of 3rd period - Evgeni Malkin wins face-off versus Nikolai Zherdev in Rangers zone.
0:18 of 3rd period - Shot by Mark Bell.
0:18 of 3rd period - Shot Blocked by Brett Lebda.
0:23 of 3rd period - Icing by Jeff Halpern.
0:24 of 3rd period - Sidney Crosby wins face-off versus Nikolai Zherdev in Rangers zone.
0:41 of 3rd period - Shot by Marian Hossa.
0:41 of 3rd period - Shot Blocked by Frederick Meyer Iv.
0:58 of 3rd period - Shot by Bryan Mccabe.
0:58 of 3rd period - Stopped by Ray Emery without a rebound.
0:59 of 3rd period - Joe Pavelski wins face-off versus Evgeni Malkin in Rangers zone.
1:04 of 3rd period - Jere Lehtinen is hit by Joe Pavelski and loses puck.
1:30 of 3rd period - Shot by Jere Lehtinen.
1:30 of 3rd period - Shot Blocked by Jay Mckee.
1:32 of 3rd period - Shot by Evgeni Malkin.
1:32 of 3rd period - Stopped by Ray Emery without a rebound.
1:33 of 3rd period - Kris Draper wins face-off versus Nikolai Zherdev in Rangers zone.
2:24 of 3rd period - Minor Penalty to Jan Bulis for Holding.
2:25 of 3rd period - Joe Pavelski wins face-off versus Sidney Crosby in neutral zone.
2:25 of 3rd period - Tyler Arnason is hit by Marian Hossa and loses puck.
3:05 of 3rd period - Shot by Bryan Mccabe.
3:05 of 3rd period - Shot Misses the Net.
3:07 of 3rd period - Shot by Marian Hossa.
3:07 of 3rd period - Goal by Marian Hossa - Penguins : 5 - Rangers : 2.
3:08 of 3rd period - Evgeni Malkin wins face-off versus Jeff Halpern in neutral zone.
3:18 of 3rd period - Icing by Brett Lebda.
3:19 of 3rd period - Jeff Halpern wins face-off versus Mark Bell in Rangers zone.
3:38 of 3rd period - Brett Lebda is hit by Mark Bell and loses puck.
3:55 of 3rd period - Shot by Jere Lehtinen.
3:55 of 3rd period - Stopped by Ray Emery without a rebound.
3:56 of 3rd period - Joe Pavelski wins face-off versus Kris Draper in Rangers zone.
4:16 of 3rd period - Shot by Kris Draper.
4:16 of 3rd period - Stopped by Ray Emery without a rebound.
4:17 of 3rd period - Nikolai Zherdev wins face-off versus Sidney Crosby in Rangers zone.
4:17 of 3rd period - Nikolai Zherdev is hit by Taylor Pyatt.
4:32 of 3rd period - Icing by Darius Kasparaitis.
4:33 of 3rd period - Jarkko Ruutu wins face-off versus Nikolai Zherdev in Rangers zone.
4:55 of 3rd period - Dallas Drake is hit by Frederick Meyer Iv and loses puck.
5:21 of 3rd period - Pascal Dupuis is hit by Bryan Mccabe and loses puck.
5:27 of 3rd period - Minor Penalty to Jay Mckee for Slashing.
5:27 of 3rd period - Minor Penalty to Jarkko Ruutu for Holding.
5:28 of 3rd period - Evgeni Malkin wins face-off versus Joe Pavelski in Rangers zone.
6:04 of 3rd period - Shot by Jere Lehtinen.
6:04 of 3rd period - Stopped by Ray Emery without a rebound.
6:05 of 3rd period - Kyle Wellwood wins face-off versus Marian Hossa in Rangers zone.
6:10 of 3rd period - Shot by Brad Stuart.
6:10 of 3rd period - Shot Misses the Net.
6:47 of 3rd period - Icing by Bryan Mccabe.
6:48 of 3rd period - Marian Hossa wins face-off versus Joe Pavelski in Penguins zone.
6:55 of 3rd period - Shot by Tyler Arnason.
6:55 of 3rd period - Shot Blocked by Marian Hossa.
7:01 of 3rd period - Shot by Tyler Arnason.
7:01 of 3rd period - Shot Misses the Net.
7:09 of 3rd period - Icing by Joe Pavelski.
7:10 of 3rd period - Evgeni Malkin wins face-off versus Joe Pavelski in Rangers zone.
7:17 of 3rd period - Shot by Evgeni Malkin.
7:17 of 3rd period - Shot Misses the Net.
7:21 of 3rd period - Shot by Evgeni Malkin.
7:21 of 3rd period - Stopped by Ray Emery without a rebound.
7:22 of 3rd period - Kyle Wellwood wins face-off versus Evgeni Malkin in Rangers zone.
7:32 of 3rd period - Jeff Halpern is hit by Brooks Orpik and loses puck.
7:39 of 3rd period - Shot by Jeff Halpern.
7:39 of 3rd period - Stopped by Ed Belfour without a rebound.
7:40 of 3rd period - Jere Lehtinen wins face-off versus Nikolai Zherdev in Penguins zone.
7:40 of 3rd period - Jere Lehtinen is hit by Nikolai Zherdev.
8:59 of 3rd period - Shot by Dominic Moore.
8:59 of 3rd period - Stopped by Ray Emery without a rebound.
9:00 of 3rd period - Sidney Crosby wins face-off versus Joe Pavelski in Rangers zone.
9:13 of 3rd period - Shot by Joe Pavelski.
9:13 of 3rd period - Shot Misses the Net.
9:15 of 3rd period - Shot by Darius Kasparaitis.
9:15 of 3rd period - Shot Blocked by Scott Hannan.
9:17 of 3rd period - Shot by Darius Kasparaitis.
9:17 of 3rd period - Shot Misses the Net.
9:19 of 3rd period - Shot by Kyle Wellwood.
9:19 of 3rd period - Stopped by Ed Belfour without a rebound.
9:20 of 3rd period - Mark Parrish wins face-off versus Pascal Dupuis in Penguins zone.
9:24 of 3rd period - Off-side.
9:25 of 3rd period - Joe Pavelski wins face-off versus Evgeni Malkin in neutral zone.
9:46 of 3rd period - Shot by Joe Pavelski.
9:46 of 3rd period - Shot Misses the Net.
9:50 of 3rd period - Shot by Joe Pavelski.
9:50 of 3rd period - Shot Blocked by Josef Melichar.
9:54 of 3rd period - Shot by Joe Pavelski.
9:54 of 3rd period - Shot Blocked by Jere Lehtinen.
9:55 of 3rd period - Double Minor Penalty to Josef Melichar for Roughing.
9:56 of 3rd period - Jeff Halpern wins face-off versus Marian Hossa in Penguins zone.
10:02 of 3rd period - Dan Cleary is hit by Bryan Mccabe and loses puck.
10:54 of 3rd period - Shot by Darius Kasparaitis.
10:54 of 3rd period - Shot Misses the Net.
12:08 of 3rd period - Shot by Brendan Shanahan.
12:08 of 3rd period - Stopped by Ed Belfour without a rebound.
12:09 of 3rd period - Evgeni Malkin wins face-off versus Jeff Halpern in Penguins zone.
12:24 of 3rd period - Shot by Frederick Meyer Iv.
12:24 of 3rd period - Shot Misses the Net.
12:26 of 3rd period - Shot by Frederick Meyer Iv.
12:26 of 3rd period - Shot Misses the Net.
12:28 of 3rd period - Shot by Jeff Halpern.
12:28 of 3rd period - Stopped by Ed Belfour without a rebound.
12:29 of 3rd period - Joe Pavelski wins face-off versus Evgeni Malkin in Penguins zone.
12:45 of 3rd period - Shot by Mattias Ohlund.
12:45 of 3rd period - Stopped by Ed Belfour without a rebound.
12:46 of 3rd period - Kris Draper wins face-off versus Jeff Halpern in Penguins zone.
13:09 of 3rd period - Shot by Jeff Halpern.
13:09 of 3rd period - Stopped by Ed Belfour without a rebound.
13:10 of 3rd period - Marian Hossa wins face-off versus Nikolai Zherdev in Penguins zone.
13:16 of 3rd period - Icing by Jay Mckee.
13:17 of 3rd period - Evgeni Malkin wins face-off versus Joe Pavelski in Rangers zone.
14:28 of 3rd period - Shot by Dominic Moore.
14:28 of 3rd period - Shot Misses the Net.
14:32 of 3rd period - Shot by Mark Parrish.
14:32 of 3rd period - Shot Misses the Net.
15:20 of 3rd period - Shot by Pascal Dupuis.
15:20 of 3rd period - Stopped by Ed Belfour without a rebound.
15:21 of 3rd period - Dan Cleary wins face-off versus Evgeni Malkin in Penguins zone.
15:37 of 3rd period - Tyler Arnason is hit by Josef Melichar and loses puck.
15:43 of 3rd period - Minor Penalty to Glen Wesley for Interference.
15:44 of 3rd period - Dan Cleary wins face-off versus Evgeni Malkin in Penguins zone.
16:41 of 3rd period - Shot by Brendan Shanahan.
16:41 of 3rd period - Shot Blocked by Brooks Orpik.
16:43 of 3rd period - Shot by Brendan Shanahan.
16:43 of 3rd period - Shot Misses the Net.
16:45 of 3rd period - Shot by Jay Mckee.
16:45 of 3rd period - Stopped by Ed Belfour without a rebound.
16:46 of 3rd period - Brendan Shanahan wins face-off versus Marian Hossa in Penguins zone.
16:59 of 3rd period - Shot by Jan Bulis.
16:59 of 3rd period - Stopped by Ed Belfour without a rebound.
17:00 of 3rd period - Evgeni Malkin wins face-off versus Joe Pavelski in Penguins zone.
17:29 of 3rd period - Shot by Jay Mckee.
17:29 of 3rd period - Shot Misses the Net.
17:47 of 3rd period - Shot by Tyler Arnason.
17:47 of 3rd period - Stopped by Ed Belfour without a rebound.
17:48 of 3rd period - Kris Draper wins face-off versus Kyle Wellwood in Penguins zone.
18:07 of 3rd period - Icing by Kyle Wellwood.
18:08 of 3rd period - Evgeni Malkin wins face-off versus Jeff Halpern in Rangers zone.
18:33 of 3rd period - Shot by Jere Lehtinen.
18:33 of 3rd period - Goal by Jere Lehtinen - Penguins : 6 - Rangers : 2.
18:34 of 3rd period - Kris Draper wins face-off versus Jeff Halpern in neutral zone.
19:02 of 3rd period - Shot by Tyler Arnason.
19:02 of 3rd period - Deflect By Pascal Dupuis.
19:02 of 3rd period - Stopped by Ed Belfour without a rebound.
19:03 of 3rd period - Joe Pavelski wins face-off versus Sidney Crosby in Penguins zone.
19:28 of 3rd period - Minor Penalty to Marian Hossa for Hooking.
19:29 of 3rd period - Evgeni Malkin wins face-off versus Nikolai Zherdev in neutral zone.
19:32 of 3rd period - Brett Lebda is hit by Evgeni Malkin.
19:37 of 3rd period - Off-side.
19:38 of 3rd period - Evgeni Malkin wins face-off versus Nikolai Zherdev in neutral zone.


Output by the SimonT Hockey Simulator (STHS) for Stephane Roy -- Original Page W3C XHTML 1.0 Valid